 Dungeon Sprint DCSS version 0.31-a0-841-g038b102fc3 (webtiles) character file.

Game seed: 3795436450087331263

21373 sircluck the Brawler (level 12, -8/219 HPs)
             Began as a Troll Berserker on Sept 27, 2023.
             Was the Champion of Trog.
             Mangled by a naga warrior
             ... wielding a +0 glaive
              (18 damage)
             ... in the Dungeon (Sprint VII: "The Pits").
             The game lasted 00:06:14 (1792 turns).

sircluck the Brawler (Troll Berserker)              Turns: 1792, Time: 00:06:14

Health: -8/219     AC:  8    Str: 32    XL:     12   Next: 53%
Magic:  11/11      EV: 19    Int:  7    God:    Trog [******]
Gold:   37         SH:  0    Dex:  9    Spells: 11/11 levels left

rFire   . .          .
                       - Unarmed
rCold   x . .        (no shield)
rNeg    . . .        a - +0 animal skin
rPois   .            (helmet restricted)
rElec   .            o - +0 cloak
rCorr   .            (gloves unavailable)
SInv    .            (boots unavailable)
Will    .....        A - amulet of regeneration Stlth
                     B - ring "Oledy" {+Blink rC- EV+5 Int+4}
HPRegen 2.16/turn    l - +3 ring of protection
MPRegen 0.12/turn

%: no teleportation
@: berserking, lethally poisoned (-8 -> -8), very quick
A: large, unfitting armour, claws 3, regeneration 1, shaggy fur 1, tough skin 1
a: Renounce Religion, Evoke Blink, Berserk, Trog's Hand, Brothers in Arms


You were in the Dungeon.
You worshipped Trog.
Trog was exalted by your worship.
You visited 1 branch You collected 37 gold pieces.

Inventory:

Missiles
 m - 3 large rocks
Armour
 a - a +0 animal skin (worn)
 o - a +0 cloak (worn)
Jewellery
 k - a +3 ring of evasion
 l - a +3 ring of protection (right claw)
 y - a ring of see invisible
 z - a ring of positive energy
 A - an amulet of regeneration (around neck)
 B - the ring "Oledy" (left claw) {+Blink rC- EV+5 Int+4}
   (You found it in the Dungeon)

   [ring of evasion]

   EV+5:      It affects your evasion (+5).
   Int+4:     It affects your intelligence (+4).
   rC-:       It makes you vulnerable to cold.
   +Blink:    It lets you blink.
Wands
 n - a wand of mindburst (23)
 u - a wand of charming (3)
 x - a wand of polymorph (4)
Scrolls
 g - a scroll of blinking
 i - 3 scrolls of vulnerability
 j - a scroll of summoning
 p - 3 scrolls of identify
 q - a scroll of fog
 r - 2 scrolls of enchant armour
 t - 3 scrolls of fear
 w - a scroll of immolation
Potions
 b - 8 potions of curing
 c - 11 potions of heal wounds
 d - 2 potions of haste
 e - 4 potions of magic
 f - 5 potions of berserk rage
 h - a potion of invisibility
 s - a potion of resistance
 v - a potion of attraction


   Skills:
 + Level 16.5 Fighting
 + Level 16.3 Dodging
 + Level 19.1 Unarmed Combat


You had 11 spell levels left.
You didn't know any spells.
Your spell library was empty.

Dungeon Overview and Level Annotations

Branches:
Dungeon (1/1)

Altars:
Ashenzari
Cheibriados
Dithmenos
Elyvilon
Fedhas
Gozag
Hepliaklqana
Kikubaaqudgha
Makhleb
Nemelex Xobeh
Okawaru
Qazlal
Ru
Sif Muna
Trog
Uskayaw
Vehumet
Wu Jian
Xom
Yredelemnul
Zin
The Shining One
Jiyva
Lugonu


Innate Abilities, Weirdness & Mutations

You are too large for most types of armour.
You have claws for hands.
Your natural rate of healing is unusually fast.
You are covered in fur. (AC +1)
You have tough skin. (AC +1)


Message History

You are more poisoned.
A frost giant comes into view.
It is wielding a +1 battleaxe of freezing.
A great orb of eyes comes into view.
The orc knight completely misses you.
An orc knight comes into view. It is wielding a +0 long sword.
The orc knight unwields a +0 arbalest.
The orc knight wields a +1 great sword.
The orc knight closely misses you. The naga warrior completely misses you.
The naga warrior moves out of view.
Things that are here:
a +0 long sword; a +0 plate armour You feel very sick.
Your stone giant hits the orc knight!!!
The orc knight barely misses you.
Your stone giant hits the orc knight!!!
The orc knight dies!
Trog accepts your kill. The naga warrior barely misses you.
Things that are here:
a +0 long sword; a +0 plate armour; an orc corpse A red film seems to cover your vision as you go berserk!
You feel yourself moving faster!
You feel mighty!
You feel sick.
A great orb of eyes comes into view.
The orc knight misses you.
The orc warlord roars a battlecry!
The naga warrior hits you with a +0 broad axe!!
The naga warrior hits your stone giant with a +0 broad axe!
The naga warrior misses you.
The naga warrior hits you from afar with a +0 glaive!
* * * LOW HITPOINT WARNING * * *
The naga warrior blocks your attack.
You feel sick.
Your stone giant closely misses the naga warrior.
The orc knight hits you from afar with a +0 bardiche!!
* * * LOW HITPOINT WARNING * * *
The naga warrior blocks your attack.
You feel sick.
The orc warlord no longer looks unusually strong.
The naga warrior hits your stone giant with a +0 broad axe!
The naga warrior hits you with a +0 broad axe!
* * * LOW HITPOINT WARNING * * *
Your stone giant barely misses the naga warrior.
The naga warrior hits you from afar with a +0 glaive!!
You die...

...# ...# #..# ...+ ...+ #++#
#++##############################
#..............).............†...
#...............@C)..........†...
#..##############No##############
#..# ....N... # #.)# #.#...o#.# #
#.)# ........C... # #.)#
#.#.#.G..#.#.# # #))#
#..o.....G...# # #).#
.#.#....#.#. # #).# #


You could see an orc warlord, a frost giant, 2 naga warriors, an orc knight
(strong), 2 great orbs of eyes and a friendly stone giant (summoned, berserk).

Vanquished Creatures
  A minotaur (D)
  2 hydras (D)
  A death knight (D)
  An orc high priest (D)
  A bog body (D)
  7 orc knights (D)
  A lindwurm (D)
  An orc sorcerer (D)
  A cyclops (D)
  Maurice (D)
  An elephant (D)
  Joseph (D)
  A gargoyle (D)
  A black mamba (D)
  A molten gargoyle (D)
  A kobold demonologist (D)
  A hellwing (D)
  4 dream sheep (D)
  A jumping spider (D)
  A flying skull (D)
  An air elemental (D)
  A culicivora (shapeshifter) (D)
  2 shadows (D)
  A wraith (D)
  3 small abominations (D)
  Eustachio (D)
  A basilisk (D)
  4 redbacks (D)
  3 vampire mosquitoes (D)
  2 wargs (D)
  2 floating eyes (D)
  A water moccasin (D)
  A swamp drake (D)
  An ice beast (D)
  An ogre (D)
  A phantom (D)
  A gnoll sergeant (D)
  A bullfrog (D)
  A necrophage (D)
  2 scorpions (D)
  5 wights (D)
  3 killer bees (D)
  An orc priest (D)
  2 hounds (D)
  A jelly (D)
  An iron imp (D)
  5 gnolls (D)
  A river rat (D)
  A white imp (D)
  An adder skeleton (D)
  4 orcs (D)
  2 bats (D)
  An endoplasm (D)
  A giant cockroach (D)
  A goblin (D)
  A hobgoblin (D)
  2 ball pythons (D)
94 creatures vanquished.

Vanquished Creatures (collateral kills)
  An emperor scorpion (D)
  A green death (D)
  A catoblepas (D)
  A boulder beetle (D)
  A sea snake (D)
  A cherub (D)
  2 orc knights (D)
  A gargoyle (D)
  A molten gargoyle (D)
  A kobold demonologist (D)
  A guardian mummy (D)
  A tarantella (D)
  A culicivora (D)
  A sky beast (D)
  An earth elemental (D)
  A bullfrog (D)
  A crimson imp (D)
  A mummy (D)
  A bat (D)
  3 kobolds (D)
23 creatures vanquished.

Grand Total: 117 creatures vanquished

Notes
Turn   | Place    | Note
-------+----------+-------------------------------------------
     0 | D        | sircluck the Troll Berserker began the quest for the Orb.
     0 | D        | Reached XP level 1. HP: 22/22 MP: 0/0
    31 | D        | Found a bloodstained altar of Trog.
    31 | D        | Found a shimmering blue altar of Sif Muna.
    31 | D        | Found a viscous altar of Jiyva.
    31 | D        | Found a hazy altar of Hepliaklqana.
    31 | D        | Found an opulent altar of Gozag.
    32 | D        | Found a glowing golden altar of the Shining One.
    32 | D        | Found a glowing silver altar of Zin.
    32 | D        | Found a basalt altar of Yredelemnul.
    32 | D        | Found a shimmering altar of Xom.
    32 | D        | Found an ornate altar of the Wu Jian Council.
    32 | D        | Found a sacrificial altar of Ru.
    32 | D        | Found a stormy altar of Qazlal.
    32 | D        | Found an iron altar of Okawaru.
    32 | D        | Found a sparkling altar of Nemelex Xobeh.
    32 | D        | Found a burning altar of Makhleb.
    32 | D        | Found a blossoming altar of Fedhas.
    32 | D        | Found a white marble altar of Elyvilon.
    32 | D        | Found a shadowy altar of Dithmenos.
    32 | D        | Found a snail-covered altar of Cheibriados.
    36 | D        | Found a corrupted altar of Lugonu.
    36 | D        | Found a radiant altar of Vehumet.
    37 | D        | Found a broken altar of Ashenzari.
    37 | D        | Found an ancient bone altar of Kikubaaqudgha.
    37 | D        | Found a hide-covered altar of Uskayaw.
    76 | D        | Reached ** piety under Trog
    84 | D        | Noticed a floating eye
    86 | D        | Killed a floating eye
    87 | D        | Reached skill level 5 in Fighting
    87 | D        | Reached skill level 6 in Unarmed Combat
    87 | D        | Reached XP level 2. HP: 35/35 MP: 1/1
    87 | D        | Reached XP level 3. HP: 42/42 MP: 2/2
    87 | D        | Reached XP level 4. HP: 50/50 MP: 3/3
    96 | D        | Noticed a floating eye
    96 | D        | Noticed a scorpion
   100 | D        | Paralysed by a floating eye for 2 turns
   101 | D        | Reached skill level 5 in Dodging
   106 | D        | Killed a floating eye
   106 | D        | Reached *** piety under Trog
   107 | D        | Reached skill level 7 in Unarmed Combat
   107 | D        | Reached XP level 5. HP: 25/59 MP: 4/4
   114 | D        | Reached **** piety under Trog
   216 | D        | Reached skill level 8 in Unarmed Combat
   216 | D        | Reached XP level 6. HP: 64/68 MP: 5/5
   223 | D        | Reached ***** piety under Trog
   224 | D        | Reached skill level 9 in Unarmed Combat
   254 | D        | Noticed a warg
   255 | D        | Noticed an ice beast
   259 | D        | Killed a warg
   260 | D        | Reached XP level 7. HP: 37/80 MP: 6/6
   264 | D        | Reached skill level 10 in Unarmed Combat
   310 | D        | Received a gift from Trog
   314 | D        | Noticed an orc high priest
   317 | D        | Noticed a hellwing
   317 | D        | Noticed a rust devil
   320 | D        | Killed an orc high priest
   321 | D        | Reached skill level 11 in Unarmed Combat
   321 | D        | Reached XP level 8. HP: 67/92 MP: 7/7
   354 | D        | Noticed a black mamba
   354 | D        | Noticed a lindwurm
   384 | D        | Killed a black mamba
   385 | D        | Reached skill level 10 in Fighting
   385 | D        | Reached skill level 10 in Dodging
   387 | D        | Killed a lindwurm
   388 | D        | Reached skill level 12 in Unarmed Combat
   388 | D        | Reached XP level 9. HP: 79/102 MP: 8/8
   390 | D        | Received a gift from Trog
   501 | D        | Noticed Eustachio
   515 | D        | Killed Eustachio
   515 | D        | Reached ****** piety under Trog
   528 | D        | Noticed Joseph
   532 | D        | Noticed a gargoyle
   538 | D        | Killed Joseph
   539 | D        | Reached skill level 13 in Unarmed Combat
   539 | D        | Killed a gargoyle
   545 | D        | Received a gift from Trog
   556 | D        | Reached XP level 10. HP: 50/115 MP: 9/9
   557 | D        | Reached skill level 14 in Unarmed Combat
   646 | D        | Noticed an elephant
   647 | D        | Noticed a cyclops
   659 | D        | Killed an elephant
   659 | D        | Received a gift from Trog
   670 | D        | Killed a cyclops
   714 | D        | Noticed a bog body
   723 | D        | Killed a bog body
   729 | D        | Reached skill level 15 in Unarmed Combat
   729 | D        | HP: 2/118 [small abomination (7)]
   846 | D        | Noticed a catoblepas
   856 | D        | Received a gift from Trog
   863 | D        | Noticed Maurice
   877 | D        | Something stole 3 large rocks
   880 | D        | Killed a catoblepas
   881 | D        | HP: 5/119 [shadow (4)]
   885 | D        | Received a gift from Trog
   886 | D        | Reached XP level 11. HP: 3/127 MP: 10/10
   886 | D        | Found the +8 frozen axe "Frostbite" {freeze, freezing
                  | cloud, *Noise Fly rC+}
   901 | D        | Killed Maurice
   962 | D        | Noticed a sea snake
   969 | D        | Killed a sea snake
   970 | D        | Reached skill level 16 in Unarmed Combat
   970 | D        | Received a gift from Trog
   979 | D        | Received a gift from Trog
   984 | D        | Noticed a boulder beetle
   991 | D        | Killed a boulder beetle
  1174 | D        | Noticed a death knight
  1174 | D        | Noticed an orc sorcerer
  1182 | D        | Killed an orc sorcerer
  1182 | D        | Received a gift from Trog
  1187 | D        | HP: 4/131 [death knight/+2 great sword (15)]
  1199 | D        | Killed a death knight
  1200 | D        | Reached skill level 17 in Unarmed Combat
  1289 | D        | Noticed a four-headed hydra
  1295 | D        | Killed a seven-headed hydra
  1354 | D        | Reached skill level 15 in Fighting
  1359 | D        | Noticed a six-headed hydra
  1363 | D        | Killed a seven-headed hydra
  1365 | D        | Received a gift from Trog
  1372 | D        | Reached skill level 15 in Dodging
  1521 | D        | Noticed an emperor scorpion
  1521 | D        | Noticed a minotaur
  1521 | D        | Noticed a green death
  1521 | D        | Noticed a cherub
  1523 | D        | Killed an emperor scorpion
  1524 | D        | Received a gift from Trog
  1531 | D        | Killed a minotaur
  1532 | D        | Reached skill level 18 in Unarmed Combat
  1532 | D        | Reached XP level 12. HP: 143/143 MP: 11/11
  1533 | D        | Killed a green death
  1544 | D        | Got the ring "Oledy" {+Blink rC- EV+5 Int+4}
  1655 | D        | Received a gift from Trog
  1752 | D        | Received a gift from Trog
  1776 | D        | Noticed a naga warrior
  1786 | D        | Noticed an orc warlord
  1786 | D        | Noticed a naga warrior
  1788 | D        | Reached skill level 19 in Unarmed Combat
  1788 | D        | Noticed a naga warrior
  1788 | D        | Noticed a frost giant
  1788 | D        | Noticed a great orb of eyes
  1790 | D        | Noticed a great orb of eyes
  1792 | D        | HP: 10/219 [naga warrior/+0 broad axe (17)]
  1792 | D        | Mangled by a naga warrior

Illustrated notes

Levels and vault maps discovered:
D:        pitsprint [storerooms_1, entrance_room_1, metal_vault_4, armoury_3,
          mini_pit_1, grid_room_1, main_hall_1, silver_pit, the_coven_2,
          the_vestibule_1, steel_vault_5, golden_pit, hallway_of_sentries,
          crystal_vault_5, iron_vault_4, final_vault]

Skill      XL: |  1  2  3  4  5  6  7  8  9 10 11 12 |
---------------+-------------------------------------+-----
Fighting       | 5 6 8 9 10 11 13 15 16 | 16.5
Dodging        | 4 6 7 9 10 11 13 15 16 | 16.3
Unarmed Combat | 6 7 8 9 11 12 13 15 18 19 | 19.1

Action                     |  1- 3 |  4- 6 |  7- 9 | 10-12 || total
---------------------------+-------+-------+-------+-------++-------
  Melee: Unarmed           |     7 |    39 |    61 |   165 ||   272
         Punch             |       |       |     7 |    20 ||    27
 Invoke: Berserk           |       |       |     2 |     6 ||     8
         Brothers in Arms  |       |       |       |     5 ||     5
         Trog's Hand       |       |       |       |     1 ||     1
    Use: Potion            |       |       |       |     5 ||     5
         Scroll            |       |       |       |     1 ||     1
   Stab: Sleeping          |     1 |       |       |       ||     1
         Petrified         |       |       |       |     1 ||     1
 Armour: Animal skin       |     1 |    41 |    38 |   142 ||   222
  Dodge: Dodged            |     1 |    26 |    31 |   129 ||   187

Table legend: (Time is in decaauts)
 A = Elapsed time spent in this place.
 B = Non-inter-level travel time spent in this place.
 C = Inter-level travel time spent in this place.
 D = Time resting spent in this place.
 E = Time spent auto-exploring this place.
 F = Levels seen in this place.
 G = Mean time per level.
                   A        B        C        D        E       F      G
               +--------+--------+--------+--------+--------+-----+--------+
         Total |   1779 |   1733 |     46 |    407 |    323 |   1 | 1779.0 |
       Dungeon |   1779 |   1733 |     46 |    407 |    323 |   1 | 1779.0 |
               +--------+--------+--------+--------+--------+-----+--------+

Top non-repeatable levels by time:
       D: 1779 daAuts
